 Dungeon Crawl Stone Soup version 0.27.1-34-g3ba077fa99 (webtiles) character file.

Game seed: 2826803215302645781

53 pkoi the Slasher (level 3, -2/31 HPs)
             Began as a Minotaur Fighter on Jan 13, 2022.
             Slain by a hobgoblin (5 damage)
             ... led by Robin
             ... on level 3 of the Dungeon.
             The game lasted 00:01:33 (1320 turns).

pkoi the Slasher (Minotaur Fighter)                 Turns: 1320, Time: 00:01:34

Health: -2/31      AC:  6    Str: 20    XL:     3   Next: 62%
Magic:  2/2        EV:  7    Int:  6    God:
Gold:   62         SH:  9    Dex:  9    Spells: 2/2 levels left

rFire    . . .     SeeInvis .   a - +0 long sword
rCold    . . .     Faith    .   c - +0 kite shield
rNeg     . . .     Spirit   .   b - +0 scale mail
rPois    .         Reflect  .   (helmet restricted)
rElec    .         Harm     .   (no cloak)
rCorr    .         Rampage  .   (no gloves)
Will     .....                  (no boots)
Stlth    ..........             (no amulet)
HPRegen  0.10/turn              (no ring)
MPRegen  0.08/turn              (no ring)

@: hasted, very quick
A: horns 2, retaliatory headbutt
a: no special abilities


You were on level 3 of the Dungeon.
You visited 1 branch of the dungeon, and saw 3 of its levels.

You collected 62 gold pieces.

Inventory:

Hand Weapons
 a - a +0 long sword (weapon)
Missiles
 h - a throwing net (quivered)
Armour
 b - a +0 scale mail (worn)
 c - a +0 kite shield (worn)
Potions
 d - a potion of might
 f - a potion of flight
 g - a potion of brilliance {unknown}


   Skills:
 - Level 3.6 Fighting
 + Level 4.9 Long Blades
 - Level 3.6 Armour
 - Level 3.6 Shields


You had 2 spell levels left.
You didn't know any spells.
Your spell library was empty.

Dungeon Overview and Level Annotations

Branches:
Dungeon (3/15)

Altars:

Shops:
D:1 [

Annotations:
D:2 Robin


Innate Abilities, Weirdness & Mutations

You have a pair of horns on your head.
You reflexively headbutt those who attack you in melee.


Message History

The goblin closely misses you.
You riposte.
You slash the goblin!
You kill the goblin!
The goblin barely misses you. x2; You furiously retaliate!
You headbutt the goblin!
You kill the goblin!
Unknown command.
Unknown command.
The hobgoblin hits you.
* * * LOW HITPOINT WARNING * * *
You block the goblin's attack.
You see here a +0 club.
You barely miss the hobgoblin. You headbutt the hobgoblin.
You kill the hobgoblin!
The goblin hits you but does no damage. You block the goblin's attack. x2
You see here a hobgoblin corpse.
Unknown command.
It was a potion of haste.
You feel yourself speed up.
The goblin no longer looks unusually strong.
The goblin hits you but does no damage.
You barely miss the goblin. The goblin hits you with a +0 dagger.
* * * LOW HITPOINT WARNING * * *
Unknown command.
The goblin no longer looks unusually strong.
The goblin hits you with a +0 dagger.
* * * LOW HITPOINT WARNING * * *
Robin throws the goblin at you!
* * * LOW HITPOINT WARNING * * *
There is a stone staircase leading down here.
You block the goblin's attack.
You climb downwards.
There is a stone staircase leading up here.
Unknown command.
You hit the hobgoblin but do no damage.
The goblin no longer looks unusually strong.
You block the goblin's attack.
The hobgoblin hits you but does no damage.
You block the goblin's attack.
You hit the hobgoblin but do no damage. Your headbutt misses the hobgoblin.
The goblin hits you but does no damage. The hobgoblin hits you.
You die...

##............
#..............
#..............
##..)...........
#...............
#............
##.....#..# #g...).#
..#@g....# #.#
#..g......# #.#
####...#..# ##.#
#####..# #...
########..# ###..#
....(.....###....###
......(...##.......#
...................#
.........#......)..#


You could see a hobgoblin (strong) and 2 goblins.

Vanquished Creatures
  2 dart slugs (D:1)
  An orc (D:3)
  5 endoplasms
  2 giant cockroaches
  7 goblins
  5 hobgoblins
  4 kobolds
  3 quokkas (D:1)
  4 ball pythons
  3 bats
  5 frilled lizards
  3 rats
44 creatures vanquished.

Notes
Turn   | Place    | Note
-------+----------+-------------------------------------------
     0 | D:1      | pkoi the Minotaur Fighter began the quest for the Orb.
     0 | D:1      | Reached XP level 1. HP: 19/19 MP: 0/0
    40 | D:1      | Reached skill level 3 in Long Blades
   435 | D:1      | Reached XP level 2. HP: 26/26 MP: 1/1
   627 | D:1      | Reached skill level 4 in Long Blades
   686 | D:1      | Found Hiruxze's Armour Shop.
   741 | D:1      | Reached XP level 3. HP: 28/31 MP: 2/2
  1240 | D:2      | You fall into a shaft and drop 1 floor!
  1301 | D:2      | Noticed Robin
  1320 | D:3      | Slain by a hobgoblin

Illustrated notes

Levels and vault maps discovered:
D:1:      psy_arrival_basics, layout_basic, serial_shops,
          nicolae_lakefront_shop, chequers_mini_garden, kennysheep_nondescript
D:2:      layout_basic, uniq_robin
D:3:      layout_rooms, ebering_ecumenical_altar_rust, kennysheep_potato

Skill      XL: |  1  2 |
---------------+-------+-----
Long Blades    | 3 4 |  4.9
Fighting       | |  3.6
Armour         | |  3.6
Shields        | |  3.6

Action                   || total
-------------------------++-------
Melee: Long sword        ||    68
       Headbutt          ||     8
  Use: Scroll            ||     4
       Potion            ||     1
Armor: Scale mail        ||    38
Dodge: Dodged            ||    16
Block: Kite shield       ||    46
       Rpst.: Long sword ||     4
